 Dungeon Sprint DCSS version 0.31-a0-370-g25055926c8 (webtiles) character file.

Game seed: 6348175400163871112

6750 Conn the Eclecticist (level 11, -38/62 HPs)
             Began as an Octopode Fire Elementalist on July 29, 2023.
             Was an Elder of Sif Muna.
             Annihilated by a spriggan berserker
             ... wielding a +0 quarterstaff
              (48 damage)
             ... in the Dungeon (Sprint IV: "Fedhas' Mad Dash").
             The game lasted 00:18:22 (2603 turns).

Conn the Eclecticist (Octopode Fire Elementalist)   Turns: 2603, Time: 00:18:23

Health: -38/62     AC:  1    Str: 13    XL:     11   Next: 4%
Magic:  10/30      EV: 14    Int: 24    God:    Sif Muna [****..]
Gold:   207        SH:  0    Dex: 12    Spells: 16/40 levels left

rFire   . . .        i - staff of Due Proportion {Fragile rElec Str+5 Int+2 Stlth- Air}
rCold   . . .        (no shield)
rNeg    . . .        (helmet restricted)
rPois   .            e - amulet of invisibility {+Inv}
rElec   +            (no ring)
rCorr   .            (no ring)
SInv    .            (no ring)
Will    .....        (no ring)
Stlth   +++          (no ring)
HPRegen 0.30/turn    (no ring)
MPRegen 0.22/turn    (no ring)
                     (no ring)

%: no teleportation
@: hasted, very quick
A: almost no armour, amphibious, 8 rings, camouflage 1, gelatinous body 1,
(nimble swimmer 1), tentacles
a: Renounce Religion, Evoke Invisibility, Channel Magic, Forget Spell, Divine
Exegesis


You were in the Dungeon.
You worshipped Sif Muna.
Sif Muna was greatly pleased with you.
You visited 1 branch You collected 257 gold pieces.
You spent 50 gold pieces at shops.

Inventory:

Hand Weapons
 c - a +0 rapier
Magical Staves
 i - the staff of Due Proportion (weapon) {Fragile rElec Str+5 Int+2 Stlth- Air}
   (You found it in the Dungeon)

   [staff of air]

   Base accuracy: +5 Base damage: 5 Base attack delay: 1.2 This weapon's minimum
   attack delay (0.6) is reached at skill level 12.
   Str:       It affects your strength (+5).
   Int:       It affects your intelligence (+2).
   rElec:     It insulates you from electricity.
   Fragile:   It will be destroyed if unequipped.
   Air:       It increases the power of your Air spells.
   Stlth:     It makes you less stealthy.
   It falls into the 'Staves' category.
   It is a one-tentacled weapon.
 l - the staff of Slow Death {rCorr Str-4 Int+3 Conj}
   (You found it in the Dungeon)

   [staff of conjuration]

   Base accuracy: +5 Base damage: 5 Base attack delay: 1.2 This weapon's minimum
   attack delay (0.6) is reached at skill level 12.
   Str:       It affects your strength (-4).
   Int:       It affects your intelligence (+3).
   rCorr:     It protects you from acid and corrosion.
   Conj:      It increases the power of your Conjurations spells.
   It falls into the 'Staves' category.
   It is a one-tentacled weapon.
Jewellery
 e - the amulet of invisibility (around mantle) {+Inv}
   (You found it in the Dungeon)

   [amulet of nothing]

   +Inv:      It lets you turn invisible.
 m - an amulet of magic regeneration
Scrolls
 g - a scroll of enchant weapon
 h - a scroll of identify
Potions
 a - 3 potions of magic
 b - a potion of curing
 j - a potion of heal wounds
 k - a potion of might


   Skills:
 + Level 0.8 Fighting
 + Level 4.5 Dodging
 - Level 5.3 Stealth
 + Level 15.3 Spellcasting
 + Level 9.7 Conjurations
 + Level 4.0 Hexes
 - Level 3.0 Translocations
 + Level 12.4 Fire Magic
 + Level 1.1 Air Magic
 + Level 1.0 Earth Magic
 * Level 9.6 Invocations
 + Level 7.0 Evocations


You had 16 spell levels left.
You knew the following spells:

 Your Spells              Type           Power      Damage    Failure   Level
a - Foxfire               Conj/Fire      100%       2x1d9     1%          1
b - Scorch                Fire           100%       2d9       1%          2
c - Inner Flame           Hex/Fire       55%        N/A       1%          3
d - Flame Wave            Conj/Fire      64%        2d15      1%          4
e - Fulminant Prism       Conj/Hex       25%        3d14      1%          4
f - Teleport Other        Tloc           32%        N/A       2%          3
g - Orb of Destruction    Conj           30%        9d10      43%         7

Your spell library contained the following spells:

 Spells                   Type           Power      Damage    Failure   Level
 Kiss of Death            Conj/Necr      100%       2d13      1%          1
 Lesser Beckoning         Tloc           64%        N/A       1%          2
 Volatile Blastmotes      Fire/Tloc      100%       2d18      1%          3
 Sticky Flame             Conj/Fire      64%        2d8       1%          4
 Gell's Gravitas          Tloc           32%        N/A       2%          3
 Spellforged Servitor     Conj/Summ      20%        N/A       98%         7
 Lehudib's Crystal Spear  Conj/Erth      22%        10d6      100%        8
 Chain Lightning          Conj/Air       30%        3d40      100%        9
 Fire Storm               Conj/Fire      32%        8d8       100%        9


Dungeon Overview and Level Annotations

Branches:
Dungeon (1/1)

Altars:
Cheibriados
Dithmenos
Elyvilon
Gozag
Hepliaklqana
Kikubaaqudgha
Makhleb
Nemelex Xobeh
Okawaru
Qazlal
Ru
Sif Muna
Trog
Uskayaw
Vehumet
Wu Jian
Xom
Yredelemnul
Zin
The Shining One
Jiyva
Lugonu

Shops:
D !=([(![[

Annotations:
D Agnes


Innate Abilities, Weirdness & Mutations

You cannot wear most types of armour.
You are amphibious.
You can wear up to eight rings at the same time.
Your skin changes colour to match your surroundings (Stealth+).
Your rubbery body absorbs attacks. (AC +1, EV +1)
((You are camouflaged when in or above water. (Stealth+)))
You have tentacles for arms and can constrict up to eight enemies at once.


Message History

Confirm with . or Enter, or press ? or * to list all spells.
Okay, then.
Unknown command.
Casting: Fulminant Prism (dangerous; 1% risk of failure)
Confirm with . or Enter, or press ? or * to list all spells.
Aiming: Fulminant Prism (dangerous; 1% risk of failure)
Press: ? - help, Dir - move target You conjure a prism of explosive energy!
A fulminant prism comes into view.
Agnes says, "I despise a dishonourable opponent."
Press: ? - help, v - describe, . - travel
Here: a spriggan berserker, wielding a +0 quarterstaff and wearing a +0 animal skin (heavily wounded, berserk, more vulnerable to fire, ally target)
The floor.
Unknown command.
Unknown command.
Unknown command.
Casting: Fulminant Prism (dangerous; 1% risk of failure)
Confirm with . or Enter, or press ? or * to list all spells.
Okay, then.
Unknown command.
Unknown command.
Okay, then.
Unknown command.
Unknown command.
Okay, then.
Unknown command.
Unknown command.
Casting: Fulminant Prism (dangerous; 1% risk of failure)
Confirm with . or Enter, or press ? or * to list all spells.
Okay, then.
Unknown command.
Aiming: Fire Storm
Press: ? - help, Dir - move target Really fire at your fulminant prism?
You fail to use your ability.
The spriggan berserker is no longer more vulnerable to fire.
Your fulminant prism crackles loudly.
The spriggan berserker hits you with a +0 quarterstaff!!!
Ouch! That really hurt!
You die...

##########################
._._.⌠.#.([...#....##∩##.#
_._._..'..#...#....'..##'#
._._...#..###'##..(##∩#..####
_._._..#.[##∩∩.'...#####....#
._._.⌠.#################...∩#
############*.....###.....♣.#
.♣[###.'..'.i..i@)).'...♣..∩#
..♣##..#.§#.......###########
...###.##'##.*....#
...'...#.i.########
########..... .♣..♣...
.♣......♣.. .. ♣.....∩.∩ ##
##### ###


You could see Agnes, a spriggan berserker (berserk, ally target) and 2 friendly
fulminant prisms.

Vanquished Creatures
  A demonic crawler (D)
  A spriggan druid (D)
  6 oklob plants (D)
  3 wandering mushrooms (D)
  3 burning bushes (D)
  2 queen bees (D)
  3 hornets (D)
  3 scorpions (D)
  4 killer bees (D)
  5 oklob saplings (D)
  5 spriggans (D)
  A river rat (D)
  A rat (D)
38 creatures vanquished.

Vanquished Creatures (others)
  2 ballistomycete spores (D)
  76 foxfires (D)
78 creatures vanquished.

Grand Total: 116 creatures vanquished

Notes
Turn   | Place    | Note
-------+----------+-------------------------------------------
     0 | D        | Conn the Octopode Fire Elementalist began the quest for the
                  | Orb.
     0 | D        | Reached XP level 1. HP: 11/11 MP: 3/3
    53 | D        | Reached XP level 2. HP: 17/17 MP: 0/5
   128 | D        | Learned a level 2 spell: Scorch
   128 | D        | Noticed an oklob sapling
   129 | D        | Killed an oklob sapling
   130 | D        | Reached skill level 3 in Spellcasting
   130 | D        | Reached skill level 5 in Fire Magic
   130 | D        | Reached XP level 3. HP: 21/21 MP: 4/8
   140 | D        | Learned a level 3 spell: Inner Flame
   170 | D        | Noticed a scorpion
   173 | D        | Killed a scorpion
   174 | D        | Reached skill level 4 in Spellcasting
   174 | D        | Reached XP level 4. HP: 24/27 MP: 2/10
   241 | D        | Found the amulet of invisibility {+Inv}
   271 | D        | Found an opulent altar of Gozag.
   271 | D        | Found a hazy altar of Hepliaklqana.
   271 | D        | Found a burning altar of Makhleb.
   271 | D        | Found a sparkling altar of Nemelex Xobeh.
   271 | D        | Found a snail-covered altar of Cheibriados.
   271 | D        | Found a sacrificial altar of Ru.
   271 | D        | Found a shimmering blue altar of Sif Muna.
   271 | D        | Found a shimmering altar of Xom.
   271 | D        | Found a basalt altar of Yredelemnul.
   272 | D        | Found a viscous altar of Jiyva.
   272 | D        | Found a bloodstained altar of Trog.
   272 | D        | Found an ornate altar of the Wu Jian Council.
   272 | D        | Noticed an oklob sapling priest
   273 | D        | Found an iron altar of Okawaru.
   273 | D        | Found a glowing silver altar of Zin.
   273 | D        | Found a shadowy altar of Dithmenos.
   274 | D        | Found a hide-covered altar of Uskayaw.
   274 | D        | Found an ancient bone altar of Kikubaaqudgha.
   275 | D        | Found a glowing golden altar of the Shining One.
   275 | D        | Found a stormy altar of Qazlal.
   275 | D        | Found a white marble altar of Elyvilon.
   276 | D        | Found a radiant altar of Vehumet.
   276 | D        | Found a corrupted altar of Lugonu.
   278 | D        | Became a worshipper of Sif Muna the Loreminder
   280 | D        | Killed an oklob sapling priest
   281 | D        | Reached skill level 5 in Spellcasting
   281 | D        | Reached XP level 5. HP: 31/31 MP: 5/13
   356 | D        | Reached skill level 6 in Spellcasting
   356 | D        | Reached skill level 1 in Evocations
   406 | D        | Reached * piety under Sif Muna
   407 | D        | Reached skill level 1 in Invocations
   530 | D        | Learned a level 4 spell: Flame Wave
   537 | D        | Reached skill level 7 in Spellcasting
   537 | D        | Reached XP level 6. HP: 36/36 MP: 11/16
   552 | D        | Found Xushuh's Jewellery Shop.
   552 | D        | Found Huxt's Distillery.
   569 | D        | Noticed a burning bush
   569 | D        | Noticed a wandering mushroom
   572 | D        | Noticed a wandering mushroom
   573 | D        | Killed a wandering mushroom
   573 | D        | Reached ** piety under Sif Muna
   574 | D        | Reached skill level 5 in Stealth
   574 | D        | Reached skill level 8 in Spellcasting
   574 | D        | Reached skill level 5 in Conjurations
   574 | D        | Reached skill level 1 in Hexes
   574 | D        | Reached XP level 7. HP: 42/42 MP: 8/19
   576 | D        | Killed a wandering mushroom
   577 | D        | Reached skill level 9 in Spellcasting
   698 | D        | Killed a burning bush
   699 | D        | Reached skill level 10 in Spellcasting
   699 | D        | Reached skill level 5 in Invocations
   699 | D        | Reached XP level 8. HP: 36/47 MP: 7/22
   783 | D        | Found Fuemiluh's Distillery.
   783 | D        | Found Hemoerie's Weapon Shoppe.
   787 | D        | Identified the staff of Due Proportion {Fragile rElec Str+5
                  | Int+2 Stlth- Air}
   795 | D        | Bought a potion of heal wounds for 50 gold pieces
   832 | D        | Reached *** piety under Sif Muna
   865 | D        | Noticed a queen bee
   874 | D        | Killed a queen bee
   880 | D        | Reached **** piety under Sif Muna
   881 | D        | Reached skill level 11 in Spellcasting
  1098 | D        | Noticed an oklob plant
  1104 | D        | Killed an oklob plant
  1105 | D        | Reached skill level 10 in Fire Magic
  1105 | D        | Reached skill level 5 in Evocations
  1105 | D        | Reached XP level 9. HP: 52/52 MP: 12/24
  1169 | D        | Noticed a burning bush
  1181 | D        | Killed a burning bush
  1182 | D        | Reached skill level 12 in Spellcasting
  1305 | D        | Noticed a burning bush
  1305 | D        | Noticed an oklob plant
  1317 | D        | Killed a burning bush
  1428 | D        | Noticed a wandering mushroom
  1434 | D        | Killed an oklob plant
  1434 | D        | Reached ***** piety under Sif Muna
  1434 | D        | Killed a wandering mushroom
  1435 | D        | Reached skill level 13 in Spellcasting
  1470 | D        | Identified the staff of Slow Death {rCorr Str-4 Int+3 Conj}
  1641 | D        | Noticed a spriggan druid
  1652 | D        | Killed a spriggan druid
  1652 | D        | Received a gift from Sif Muna
  1653 | D        | Reached XP level 10. HP: 57/57 MP: 4/27
  1653 | D        | Got Sif Muna's Commentary on Doomed Energy {god gift}
  1792 | D        | Learned a level 4 spell: Fulminant Prism
  1940 | D        | Paralysed by a hornet for 2 turns
  1944 | D        | Reached skill level 14 in Spellcasting
  2198 | D        | Killed an oklob plant conjurer
  2209 | D        | Learned a level 3 spell: Teleport Other
  2218 | D        | Noticed an oklob plant
  2279 | D        | Noticed Agnes
  2282 | D        | Noticed an oklob plant shifter
  2282 | D        | Noticed an oklob plant summoner
  2288 | D        | Killed an oklob plant
  2289 | D        | Reached skill level 1 in Translocations
  2293 | D        | Killed an oklob plant summoner
  2293 | D        | Received a gift from Sif Muna
  2297 | D        | Killed an oklob plant shifter
  2300 | D        | Got Sif Muna's Annotations on Bruises {god gift}
  2309 | D        | Learned a level 7 spell: Orb of Destruction
  2392 | D        | Noticed a demonic crawler
  2395 | D        | Killed a demonic crawler
  2403 | D        | Noticed a spriggan rider
  2406 | D        | Reached skill level 15 in Spellcasting
  2407 | D        | Killed a spriggan rider
  2408 | D        | Reached skill level 1 in Air Magic
  2408 | D        | Reached skill level 1 in Earth Magic
  2408 | D        | Reached XP level 11. HP: 43/62 MP: 1/30
  2544 | D        | Found Rice Fis's Antique Armour Emporium.
  2548 | D        | Found Cipial's Armour Shoppe.
  2594 | D        | Noticed a spriggan berserker
  2594 | D        | Found Asye's Weapon Emporium.
  2594 | D        | Found Jemuado's Antique Armour Shoppe.
  2603 | D        | Annihilated by a spriggan berserker

Illustrated notes

Levels and vault maps discovered:
D:        dungeon_sprint_fedhas [sprint_temple]

Skill      XL: |  1  2  3  4  5  6  7  8  9 10 |
---------------+-------------------------------+-----
Stealth        | 3 4 5 |  5.3
Fire Magic     | 4 5 6 7 8 9 10 11 12 | 12.4
Spellcasting   | 3 4 5 7 8 10 11 13 15 | 15.3
Conjurations   | 2 3 4 5 6 7 8 9 |  9.7
Dodging        | 3 4 |  4.5
Evocations     | 2 3 4 5 7 |  7.0
Invocations    | 2 4 5 6 7 9 |  9.6
Hexes          | 1 2 3 4 |  4.0
Translocations | 3 |  3.0
Air Magic      | 1 |  1.1
Earth Magic    | 1 |  1.0
Fighting       | |  0.8

Action                     |  1- 3 |  4- 6 |  7- 9 | 10-12 || total
---------------------------+-------+-------+-------+-------++-------
  Melee: Unarmed           |    28 |     1 |       |       ||    29
         Constrict         |     8 |     1 |       |     1 ||    10
         Tentacles         |     7 |       |       |       ||     7
         Punch             |     1 |       |       |       ||     1
         Staff             |       |       |       |     1 ||     1
   Cast: Foxfire           |     6 |     5 |    18 |    12 ||    41
         Scorch            |     4 |    10 |    45 |     8 ||    67
         Inner Flame       |       |     4 |     7 |     6 ||    17
         Flame Wave        |       |       |     3 |     8 ||    11
         Lehudib's Crystal |       |       |       |     1 ||     1
         Chain Lightning   |       |       |       |     1 ||     1
         Fulminant Prism   |       |       |       |     2 ||     2
 Invoke: Divine Exegesis   |       |       |       |     2 ||     2
Ability: Evoke Invisibilit |       |     4 |     6 |     3 ||    13
    Use: Potion            |     1 |     1 |       |     1 ||     3
         Scroll            |       |       |       |     3 ||     3
  Dodge: Dodged            |       |     2 |     2 |    11 ||    15

Table legend: (Time is in decaauts)
 A = Elapsed time spent in this place.
 B = Non-inter-level travel time spent in this place.
 C = Inter-level travel time spent in this place.
 D = Time resting spent in this place.
 E = Time spent auto-exploring this place.
 F = Levels seen in this place.
 G = Mean time per level.
                   A        B        C        D        E       F      G
               +--------+--------+--------+--------+--------+-----+--------+
         Total |   2612 |   2612 |      0 |   1810 |      0 |   1 | 2612.0 |
       Dungeon |   2612 |   2612 |      0 |   1810 |      0 |   1 | 2612.0 |
               +--------+--------+--------+--------+--------+-----+--------+

Top non-repeatable levels by time:
       D: 2612 daAuts
